 Dungeon Crawl Stone Soup version 0.22.0-21-g8bd1b0a (webtiles) character file.

47 Gospel the Firebug (level 3, -1/24 HPs)
             Began as a Demonspawn Fire Elementalist on Aug 19, 2018.
             Slain by a hound (3 damage)
             ... on level 2 of the Dungeon.
             The game lasted 00:03:12 (1747 turns).

Gospel the Firebug (Demonspawn Fire Elementalist)   Turns: 1747, Time: 00:03:12

Health: -1/24      AC:  4    Str:  8    XL:     3   Next: 48%
Magic:  1/7        EV: 12    Int: 17    God:
Gold:   66         SH:  0    Dex: 13    Spells: 4/7 levels left

rFire    . . .     SeeInvis .   (no weapon)
rCold    . . .     Gourm    .   (no shield)
rNeg     . . .     Faith    .   a - +0 robe
rPois    .         Spirit   .   (no helmet)
rElec    .         Reflect  .   (no cloak)
rCorr    +         Harm     .   (no gloves)
MR       .....                  (no boots)
Stlth    ++........             (no amulet)
HPRegen  0.08/turn              b - ring of resist corrosion
MPRegen  0.10/turn              (no ring)

@: no status effects
A: claws 1, molten scales 1
a: no special abilities


You were on level 2 of the Dungeon.
You were not hungry.

You visited 1 branch of the dungeon, and saw 3 of its levels.

You collected 66 gold pieces.

Inventory:

Armour
 a - a +0 robe (worn)
Jewellery
 b - a ring of resist corrosion (left claw)
Comestibles
 c - 4 rations


   Skills:
 - Level 1.7 Dodging
 - Level 1.7 Stealth
 + Level 2.6 Spellcasting
 + Level 2.1 Conjurations
 + Level 3.2 Fire Magic


You had 4 spell levels left.
You knew the following spells:

 Your Spells              Type           Power        Failure   Level  Hunger
a - Flame Tongue          Conj/Fire      ##...        6%          1    #......
b - Throw Flame           Conj/Fire      ##....       9%          2    ##.....

Your spell library contained the following spells:

 Spells                   Type           Power        Failure   Level  Hunger
 Conjure Flame            Conj/Fire      ##......     19%         3    ###....
 Inner Flame              Hex/Fire       #.......     28%         3    ###....
 Sticky Flame             Conj/Fire      ##......     52%         4    #####..
 Fireball                 Conj/Fire      ##........   86%         5    ######.


Dungeon Overview and Level Annotations

Branches:
Dungeon (3/15)

Altars:


Innate Abilities, Weirdness & Mutations

You have sharp fingernails.
You are partially covered in molten scales. (AC +2)


Message History

* * * LOW HITPOINT WARNING * * *
The jackal barely misses you. x2
There is a stone staircase leading down here.
You aren't carrying any potions.
You aren't carrying any scrolls.
Wield which item (- for none, * to show all)? (? for menu, Esc to quit)
Okay, then.
The hound stops to sniff the ground.
The hound barely misses you. The jackal misses you.
The hound bites you but does no damage. The jackal misses you.
The hound bites you.
* * * LOW HITPOINT WARNING * * *
The jackal misses you. The hound closely misses you.
The jackal bites you but does no damage.
The hound bites you.
* * * LOW HITPOINT WARNING * * *
An adder comes into view.
The hound bites you.
You die...

,,,**,,...................#,,,,,,
,,,**,,.........#.........#.,,,,,
,,,,,,,....###.............>,,,,,
,,,,,,,.b..###......>S.....(,,,,,
,,,,,,,.............g###....,****
,,,,,,,..............#,,....,*
,,,,,,,.....÷...hhh###,,,,..,****
,,,,,,,,,..##...hh.# *,,,,,,,,,,,
,,*,,,,,,.,*#÷..@h.# *,,,,,,,,,,,
,,*,,,,,,,,*#....### *,,,,,,,,,,,
***,,,,,,,,*###.## *,,,,,,,,,,,
*,,,****** #.#### **,,,,,,,,,,
***** #....# *,,,,******
#############.# *,,,,*
#<÷.........#.# *,,,,*
###########.#.#######** #####
#.#........,*


You could see 2 hounds, an adder (wandering), 4 jackals and a hobgoblin.

Vanquished Creatures
  A dart slug (D:2)
  4 bats
  A giant cockroach (D:1)
  6 goblins
  4 hobgoblins
  11 jackals
  3 frilled lizards
  8 kobolds
  2 rats (D:1)
40 creatures vanquished.

Notes
Turn   | Place    | Note
-------+----------+-------------------------------------------
     0 | D:1      | Gospel the Demonspawn Fire Elementalist began the quest for the Orb.
     0 | D:1      | Reached XP level 1. HP: 13/13 MP: 3/3
   736 | D:1      | Gained mutation: You are partially covered in molten scales. (AC +2) [demonic ancestry]
   736 | D:1      | Reached XP level 2. HP: 15/19 MP: 3/5
   808 | D:1      | Learned a level 2 spell: Throw Flame
   856 | D:1      | Reached skill level 3 in Fire Magic
  1367 | D:1      | Gained mutation: You have sharp fingernails. [demonic ancestry]
  1367 | D:1      | Reached XP level 3. HP: 14/24 MP: 1/6
  1747 | D:2      | Slain by a hound

Skill      XL: |  1  2  3 |
---------------+----------+-----
Fire Magic     | 3 |  3.2
Conjurations   | 2 |  2.1
Dodging        | |  1.7
Stealth        | |  1.7
Spellcasting   | |  2.6

Action                   || total
-------------------------++-------
Melee: Unarmed           ||    41
 Cast: Flame Tongue      ||    65
  Use: Potion            ||     1
       Scroll            ||     1
  Eat: Chunk             ||     3
Armor: Robe              ||    30
Dodge: Dodged            ||    97
